 Dungeon Crawl Stone Soup version 0.20.1-1-g8b1a95d (webtiles) character file.

209 ucho the Chopper (level 5, -4/45 HPs)
             Began as a Minotaur Berserker on Dec 3, 2017.
             Was a Priest of Trog.
             Killed from afar by an electric eel (12 damage)
             ... with a bolt of electricity
             ... on level 3 of the Dungeon.
             The game lasted 00:10:05 (1751 turns).

ucho the Chopper (Minotaur Berserker)               Turns: 1751, Time: 00:10:05

Health: -4/45      AC:  9    Str: 22    XL:     5   Next: 55%
Magic:  4/4        EV:  8    Int:  4    God:    Trog [***...]
Gold:   157        SH:  0    Dex: 10    Spells: 4/4 levels left

rFire    . . .     SeeInvis .   D - +0 war axe
rCold    + . .     Gourm    .   (no shield)
rNeg     . . .     Faith    .   x - +0 chain mail
rPois    .         Spirit   .   o - +0 hat
rElec    .         Reflect  .   (no cloak)
rCorr    .         Harm     .   h - +0 pair of gloves
MR       .....                  (no boots)
Stlth    ..........             (no amulet)
Regen    0.2/turn               C - ring of protection from cold
MPRegen  0.1/turn               (no ring)

@: no status effects
A: retaliatory headbutt, horns 2
a: Berserk, Trog's Hand, Burn Spellbooks, Renounce Religion


You were on level 3 of the Dungeon.
You worshipped Trog.
Trog was most pleased with you.
You were not hungry.

You visited 1 branch of the dungeon, and saw 3 of its levels.

You collected 157 gold pieces.

Inventory:

Hand Weapons
 a - a +0 hand axe
 D - a +0 war axe (weapon)
Armour
 h - a +0 pair of gloves (worn)
 o - a +0 hat (worn)
 x - a +0 chain mail (worn)
Jewellery
 p - an uncursed ring of flight
 C - a ring of protection from cold (left hand)
Wands
 b - a wand of flame (13/48)
 B - a wand of confusion (33/48)
Scrolls
 n - 2 scrolls of teleportation
 r - a scroll of enchant armour
 s - 2 scrolls of fog
 w - a scroll of recharging {unknown}
 y - a scroll of enchant weapon {unknown}
Potions
 e - a potion of agility {unknown}
 l - 2 potions of curing {unknown}
 t - a potion of degeneration {unknown}
 z - a potion of berserk rage {unknown}
 E - a potion of resistance {unknown}
Comestibles
 c - 3 bread rations
 f - 3 meat rations
 k - 23 chunks of flesh
 u - a royal jelly


   Skills:
 - Level 3.6 Fighting
 * Level 7.6 Axes
 - Level 2.4 Armour
 - Level 2.1 Dodging


You had 4 spell levels left.
You didn't know any spells.

Dungeon Overview and Level Annotations

Branches:
Dungeon (3/15)

Altars:

Annotations:
D:3 1 transporter


Innate Abilities, Weirdness & Mutations

You reflexively headbutt those who attack you in melee.
You have a pair of horns on your head.


Message History

Press: ? - help, Shift-Dir - straight line, f - electric eel
Aim: an electric eel (chance to defeat MR: 54%)
The electric eel resists with significant effort.
Evoking this partially-identified wand wasted a few charges.
The electric eel shoots out a bolt of lightning at you!
The bolt of electricity hits you!
* * * LOW HITPOINT WARNING * * *
The bolt of electricity hits you!
* * * LOW HITPOINT WARNING * * *
Evoke which item? (* to show all) (? for menu, Esc to quit)
Aiming: Throw Flame (will waste charges)
Press: ? - help, Shift-Dir - straight line, f/p - electric eel
Aim: an electric eel The puff of flame hits the electric eel.
The electric eel is lightly wounded.
Evoking this partially-identified wand wasted a few charges.
The electric eel is engulfed in a cloud of scalding steam.
The electric eel shoots out a bolt of lightning at you!
The bolt of electricity hits you!
You die...

#. # ###.## .#.# ....#
##.#=#
#..###..#.###########
#...................#
#<.[###############.###
####...#8P#≈≈≈≈≈≈≈#P8#....
#......#..#..≈PPPP#..#...#
#.##..©#.@'..≈⌠≈PP+!©#...#
# ##..#..#..≈P≈≈≈#..#..##
##.#8P#;;≈≈≈≈≈#P8#....
#.###############...#
#.................#%#
##########.########.# #.#
#.# #.# #.# #.# #..


You could see 2 electric eels.

Vanquished Creatures
  2 orc wizards (D:3)
  Robin (D:3)
  5 adders
  2 worms
  2 dart slugs (D:1)
  2 leopard geckos
  5 orcs
  4 giant cockroaches
  17 goblins
  9 hobgoblins
  6 jackals
  A quokka (D:3)
  8 bats
  A frilled lizard (D:2)
  4 kobolds
  3 rats
72 creatures vanquished.

Notes
Turn   | Place    | Note
-------+----------+-------------------------------------------
     0 | D:1      | ucho the Minotaur Berserker began the quest for the Orb.
     0 | D:1      | Reached XP level 1. HP: 19/19 MP: 0/0
   174 | D:1      | Reached skill level 4 in Axes
   254 | D:1      | Reached XP level 2. HP: 26/26 MP: 1/1
   646 | D:2      | Reached skill level 5 in Axes
   646 | D:2      | Reached XP level 3. HP: 29/31 MP: 2/2
   733 | D:2      | Reached ** piety under Trog
   975 | D:2      | Reached XP level 4. HP: 37/39 MP: 3/3
   991 | D:2      | Reached skill level 6 in Axes
  1437 | D:3      | Reached skill level 7 in Axes
  1437 | D:3      | Reached XP level 5. HP: 45/45 MP: 4/4
  1597 | D:3      | Noticed Robin
  1604 | D:3      | Killed Robin
  1608 | D:3      | Reached *** piety under Trog
  1689 | D:3      | Found a transporter.
  1717 | D:3      | Found a transporter.
  1751 | D:3      | Killed from afar by an electric eel

Skill      XL: |  1  2  3  4 |
---------------+-------------+-----
Axes           | 4 5 7 |  7.6
Fighting       | |  3.6
Armour         | |  2.4
Dodging        | |  2.1

Action                   |  1- 3 |  4- 6 || total
-------------------------+-------+-------++-------
Melee: Hand axe          |    68 |    41 ||   109
       Headbutt          |     9 |    17 ||    26
       War axe           |       |    50 ||    50
Invok: Berserk           |     1 |     1 ||     2
       Trog's Hand       |       |     1 ||     1
Evoke: Wand              |       |     2 ||     2
  Use: Scroll            |       |     7 ||     7
  Eat: Chunk             |     1 |     4 ||     5
Armor: Ring mail         |     8 |       ||     8
       Chain mail        |    14 |    35 ||    49
Dodge: Dodged            |    25 |    28 ||    53
